 Dungeon Crawl Stone Soup version 0.29.0-4-gdea44cf6ec (webtiles) character file.

Game seed: 6462597415993630043

154 qw the Chopper (level 5, -7/30 HPs)
             Began as a Tengu Warper on Aug 28, 2022.
             Killed by divine providence
             ... invoked by an orc priest
              (15 damage)
             ... on level 6 of the Dungeon.
             The game lasted 00:00:13 (2797 turns).

qw the Chopper (Tengu Warper)                       Turns: 2797, Time: 00:00:14

Health: -7/30      AC:  9    Str: 13    XL:     5   Next: 35%
Magic:  9/9        EV:  7    Int: 14    God:
Gold:   97         SH:  0    Dex: 13    Spells: 8/8 levels left

rFire   . . .      SeeInvis .   Y - +1 hand axe
rCold   . . .      Faith    .   (no shield)
rNeg    . . .      Spirit   .   i - +0 chain mail
rPois   .          Reflect  .   (helmet restricted)
rElec   .          Harm     .   (no cloak)
rCorr   .          Rampage  .   m - +0 pair of gloves
Will    .....                   (boots unavailable)
Stlth   ..........              (no amulet)
HPRegen 0.10/turn               (no ring)
MPRegen 0.11/turn               (no ring)

@: flying quickly and evasively, quick
A: beak, talons 3, nimble flight
a: no special abilities


You were on level 6 of the Dungeon.
You visited 1 branch of the dungeon, and saw 4 of its levels.

You collected 97 gold pieces.


Innate Abilities, Weirdness & Mutations

You have a beak for a mouth.
You have claws for feet.
Your magical nature lets you fly swiftly and evasively.


   Skills:
 - Level 2.0 Fighting
 + Level 5.6 Axes
 - Level 1.0 Throwing
 - Level 2.0 Armour
 - Level 2.1 Dodging
 - Level 2.0 Spellcasting
 - Level 2.4 Translocations


You had 8 spell levels left.
You didn't know any spells.
Your spell library contained the following spells:

 Spells                   Type           Power      Damage    Failure   Level
 Blink                    Tloc           16%        N/A       99%         2
 Gell's Gravitas          Tloc           8%         N/A       100%        3
 Lesser Beckoning         Tloc           8%         N/A       100%        3
 Teleport Other           Tloc           8%         N/A       100%        3
 Manifold Assault         Tloc           8%         N/A       100%        5

Inventory:

Hand Weapons
 a - a +0 mace
 Y - a +1 hand axe (weapon)
Armour
 i - a +0 chain mail (worn)
 m - a +0 pair of gloves (worn)
Scrolls
 f - a scroll of teleportation
 h - a scroll of identify
Potions
 b - 2 potions of heal wounds {unknown}
 c - a potion of flight {unknown}
 g - a potion of curing

Dungeon Overview and Level Annotations

Branches:
Dungeon (3/15)

Altars:

Annotations:
D:2 1 runed translucent door, Crazy Yiuf


Message History

You barely miss the orc priest. Your kick misses the orc priest.
The orc priest is moderately wounded.
You hit the orc but do no damage. The orc hits you but does no damage.
The orc priest hits you with a +0 club.
You barely miss the orc priest. Your peck misses the orc priest.
The orc priest is moderately wounded.
You hit the orc but do no damage. The orc priest barely misses you.
The orc barely misses you.
You barely miss the orc priest. Your kick misses the orc priest.
The orc priest is moderately wounded.
You hit the orc. The orc barely misses you.
The orc priest miscasts a cantrip.
You hit the orc but do no damage. You peck the orc, but do no damage.
The orc is heavily wounded.
You barely miss the orc priest. The orc barely misses you.
The orc priest mumbles some strange prayers to Beogh against you.
Beogh smites you!
You hit the orc. Your kick misses the orc. Your peck misses the orc.
The orc is severely wounded.
You barely miss the orc priest. The orc hits you but does no damage.
The orc priest hits you but does no damage.
You hit the orc.
You kill the orc!
You barely miss the orc priest.
The orc priest looks braver for a moment.
You closely miss the orc priest. Your kick misses the orc priest.
The orc priest is moderately wounded.
The orc priest barely misses you.
You hit the orc priest but do no damage.
The orc priest is moderately wounded.
The orc priest hits you but does no damage.
You hit the orc priest. Your kick misses the orc priest.
The orc priest is severely wounded.
The orc priest mumbles some strange prayers to Beogh against you.
Beogh smites you!
Ouch! That really hurt!
You die...

... ... ####.#
#....# #....#
#....# #..)o#
##########
#..)@#####.........
#....'.............
#....#####.........
#....# #.........
#....# #.........
#....# #.........
###### #.........
#.........
#........


You could see an orc priest.

Vanquished Creatures
  An iguana (D:3)
  Jessica (D:2)
  Terence (D:2)
  2 adders (D:3)
  A white imp (D:6)
  A worm (D:3)
  A dart slug (D:2)
  3 orcs (D:6)
  5 ball pythons
  6 bats
  2 endoplasms (D:1)
  A giant cockroach (D:1)
  3 goblins
  2 hobgoblins
  5 jackals (D:2)
  3 quokkas
  3 frilled lizards
  3 kobolds
  3 rats
47 creatures vanquished.

Vanquished Creatures (others)
  6 fungi (D:2)
  A plant (D:2)
7 creatures vanquished.

Grand Total: 54 creatures vanquished

Notes
Turn   | Place    | Note
-------+----------+-------------------------------------------
     0 | D:1      | qw the Tengu Warper began the quest for the Orb.
     0 | D:1      | Reached XP level 1. HP: 12/12 MP: 4/4
     0 | D:1      | 0 ||| qw: Version: 0.1-a-89-g26bdef1
     0 | D:1      | 0 ||| qw: Game counter: 2106
     0 | D:1      | 0 ||| qw: Always use a shield: true
     0 | D:1      | 0 ||| qw: God list: Okawaru
     0 | D:1      | 0 ||| qw: Allow faded altars: false
     0 | D:1      | 0 ||| qw: Do Orc after D:15 true
     0 | D:1      | 0 ||| qw: Do second Lair branch before Depths: true
     0 | D:1      | 0 ||| qw: Lair rune preference: random
     0 | D:1      | 0 ||| qw: Plans: Normal
     0 | D:1      | 0 ||| PLANNING D:1-11
   234 | D:1      | Reached skill level 3 in Axes
   234 | D:1      | Reached XP level 2. HP: 17/17 MP: 6/6
   926 | D:1      | 926 ||| UPGRADING to +0 scale mail.
   936 | D:1      | 936 ||| DROPPING +0 leather armour.
   937 | D:1      | 937 ||| UPGRADING to +0 pair of gloves.
   942 | D:1      | 942 ||| DROPPING ring of magical power.
   943 | D:1      | 943 ||| READING scroll labelled RELOBROSYID.
   944 | D:1      | 944 ||| READING scroll labelled IGICSE XORE.
   945 | D:1      | 945 ||| READING scroll labelled FEOSHR DULLAOKH.
   946 | D:1      | 946 ||| READING scroll labelled ZIXZAPATIO.
   947 | D:1      | 947 ||| READING scroll labelled DIPPUQ HUBBEG.
   951 | D:1      | 951 ||| DRINKING 2 clear potions.
   952 | D:1      | 952 ||| DROPPING scroll of blinking.
  1212 | D:2      | Reached XP level 3. HP: 21/21 MP: 7/7
  1251 | D:2      | 1251 ||| DROPPING +0 club.
  1310 | D:2      | 1310 ||| Stepping ~*~*~tactically~*~*~ (stealth).
  1311 | D:2      | 1311 ||| Stepping ~*~*~tactically~*~*~ (stealth).
  1328 | D:2      | 1328 ||| FLEEEEING.
  1462 | D:2      | Noticed Jessica
  1469 | D:2      | Killed Jessica
  1470 | D:2      | Reached skill level 4 in Axes
  1658 | D:2      | Reached XP level 4. HP: 26/26 MP: 8/8
  1763 | D:2      | Found a faded altar of an unknown god.
  1820 | D:2      | 1820 ||| Stepping ~*~*~tactically~*~*~ (hiding).
  1863 | D:2      | Found a runed translucent door.
  1864 | D:2      | Noticed Crazy Yiuf
  2019 | D:2      | Noticed Terence
  2040 | D:2      | Killed Terence
  2041 | D:2      | Reached skill level 5 in Axes
  2413 | D:2      | 2413 ||| UPGRADING to +0 chain mail.
  2423 | D:2      | 2423 ||| DROPPING +0 scale mail.
  2424 | D:2      | 2424 ||| READING scroll labelled YVONOS WYISCH.
  2425 | D:2      | 2425 ||| READING scroll labelled NAINEO GIOM.
  2426 | D:2      | 2426 ||| READING scroll labelled UZUOST SUHOULU.
  2427 | D:2      | 2427 ||| READING scroll labelled ADYAREHOGU.
  2549 | D:3      | Gained mutation: Your magical nature lets you fly swiftly
                  | and evasively. [Tengu growth]
  2549 | D:3      | Reached XP level 5. HP: 17/30 MP: 9/9
  2765 | D:3      | You are sucked into a shaft and drop 3 floors!
  2797 | D:6      | Killed from afar by an orc priest

Levels and vault maps discovered:
D:1:      minmay_arrival_jagged, layout_basic
D:2:      layout_basic, shapermc_ecumenical_altar_hornbeckon, uniq_terence,
          uniq_crazy_yiuf_cottage, uniq_jessica
D:3:      minmay_inner_zag, layout_basic, mainiacjoe_overflow_alcove_2,
          minmay_misc_feat_alley, minmay_bisected
D:6:      layout_basic, minmay_temple_entry_statues_fountains,
          dreamdust_mushroom_princess

Skill      XL: |  1  2  3  4 |
---------------+-------------+-----
Axes           | 3 4 5 |  5.6
Armour         | 2 |  2.0
Fighting       | |  2.0
Throwing       | |  1.0
Dodging        | |  2.1
Spellcasting   | |  2.0
Translocations | |  2.4

Action                   |  1- 3 |  4- 6 || total
-------------------------+-------+-------++-------
Melee: Hand axe          |    73 |    84 ||   157
       Kick              |    13 |    19 ||    32
       Peck              |     8 |    17 ||    25
       Punch             |     3 |     1 ||     4
Throw: Boomerang         |     7 |       ||     7
  Use: Scroll            |     5 |     4 ||     9
       Potion            |     1 |       ||     1
Armor: Leather armour    |    18 |       ||    18
       Scale mail        |    10 |    12 ||    22
       Chain mail        |       |    23 ||    23
Dodge: Dodged            |    46 |    38 ||    84

Table legend:
 A = Non-vault XP
 B = Vault XP
 C = Vault XP percentage of total XP
 D = Non-vault monster count
 E = Vault monster count
 F = Vault count percentage of total count
                 A         B        C        D         E       F
            +---------+---------+-------+---------+---------+-------
      Total |     150 |      70 |  31.8 |      43 |       4 |   8.5
            +---------+---------+-------+---------+---------+-------
        D:1 |      23 |       0 |   0.0 |      14 |       0 |   0.0
        D:2 |      32 |      67 |  67.7 |      19 |       2 |   9.5
        D:3 |      76 |       3 |   3.8 |       6 |       2 |  25.0
        D:6 |      19 |       0 |   0.0 |       4 |       0 |   0.0
            +---------+---------+-------+---------+---------+-------
